 Dungeon Crawl Stone Soup version 0.19.4-10-g532645f (console) character file.

147 Grinner the Ruffian (level 5, 0/50 HPs)
             Began as a Troll Monk on Feb 23, 2017.
             Slain by a goblin
             ... wielding a +0 club
             ... led by Robin
              (3 damage)
             ... on level 3 of the Dungeon.
             The game lasted 00:03:00 (1608 turns).

Grinner the Ruffian (Troll Monk)                    Turns: 1608, Time: 00:03:01

Health: 0/50       AC:  5    Str: 19    XL:     5   Next: 8%
Magic:  4/4        EV: 11    Int:  6    God:
Gold:   126        SH:  0    Dex: 13    Spells: 0 memorised, 4 levels left

rFire  + . .     SeeInvis .       - Unarmed
rCold  + . .     Gourm    +     a - +0 robe
rNeg   . . .     Faith    .     (no shield)
rPois  +         Spirit   .     (helmet restricted)
rElec  +         Reflect  .     (no cloak)
rCorr  +         Harm     .     (gloves unavailable)
MR     +....                    (boots unavailable)
Stlth  ++........               (no amulet)
                                (no ring)
                                c - ring of protection from magic

@: resistant
A: unfitting armour, claws 3, fast metabolism 3, gourmand, regeneration 1,
shaggy fur 1, tough skin 2
a: no special abilities


You were on level 3 of the Dungeon.
You were completely stuffed.

You visited 1 branch of the dungeon, and saw 3 of its levels.

You collected 126 gold pieces.

Inventory:

Armour
 a - a +0 robe (worn)
Jewellery
 c - a ring of protection from magic (left claw)
Scrolls
 e - a scroll of noise {unknown}
 g - a scroll of recharging
 j - a scroll of blinking {unknown}
 k - 4 scrolls of identify {unknown}
 n - 2 scrolls of remove curse {unknown}
Potions
 f - a potion of ambrosia {unknown}
 h - a potion of resistance
 i - 2 potions of agility {unknown}
 l - a potion of invisibility {unknown}
 m - 2 potions of heal wounds {unknown}
 o - a potion of might {unknown}
 p - a potion of degeneration {unknown}
 q - 2 potions of brilliance {unknown}
Comestibles
 b - 9 bread rations
 d - a royal jelly
 r - a chunk of flesh


   Skills:
 - Level 2.4 Fighting
 + Level 3.4 Dodging
 - Level 1.0 Stealth
 * Level 4.9 Unarmed Combat


You had 4 spell levels left.
You didn't know any spells.

Dungeon Overview and Level Annotations

Branches:
Dungeon (3/15)

Altars:

Annotations:
D:3 Robin


Innate Abilities, Weirdness & Mutations

You are too large for most types of armour.
You have claws for hands.
Your metabolism is lightning-fast.
You like to eat raw meat.
Your natural rate of healing is unusually fast.
You are covered in fur. (AC +1)
You have very tough skin. (AC +2)


Message History

* * * LOW HITPOINT WARNING * * *
The hobgoblin hits you with a club.
* * * LOW HITPOINT WARNING * * *
The goblin barely misses you. Robin closely misses you.
As you read the scroll labeled FODIRE CIRGHAE, it crumbles to dust.
It is a scroll of recharging.
You aren't carrying any rechargeable items.
The hobgoblin closely misses you. The hobgoblin barely misses you.
The hobgoblin closely misses you. The goblin barely misses you.
The goblin hits you with a club.
* * * LOW HITPOINT WARNING * * *
The hobgoblin hits you with a club!
* * * LOW HITPOINT WARNING * * *
The goblin hits you but does no damage.
It was a potion of resistance.
You feel protected. The hobgoblin closely misses you. x2
The hobgoblin hits you but does no damage.
The goblin hits you but does no damage. The goblin hits you with a club.
You die...

#.#.#..###. #.#
#.#.#...### ### #.#
##.#.#....#. ....
#.###..#).#..... .....
#...#.###.......
.....####.#.#.#####.....
..............##........
......ggg.###...........
.....gg@g(##.[.......##.
......ggg.(.....#.##.)##
.........#######..##....
#####....# ...###....
###### ....# #....
#...## ..#.. #... ..###.
#... ## . .


You could see Robin, 5 hobgoblins and 3 goblins.

Vanquished Creatures
  Jessica (D:3)
  2 adders
  An ooze (D:1)
  2 worms (D:2)
  4 dart slugs
  A giant cockroach (D:3)
  9 goblins
  10 hobgoblins
  12 jackals (D:2)
  3 quokkas
  2 ball pythons (D:1)
  11 bats
  3 frilled lizards
  5 kobolds
  18 rats
84 creatures vanquished.

Notes
Turn   | Place    | Note
-------+----------+-------------------------------------------
     0 | D:1      | Grinner the Troll Monk began the quest for the Orb.
     0 | D:1      | Reached XP level 1. HP: 22/22 MP: 0/0
    82 | D:1      | Reached XP level 2. HP: 28/29 MP: 1/1
   249 | D:1      | Reached XP level 3. HP: 36/36 MP: 2/2
   707 | D:2      | Reached skill level 4 in Unarmed Combat
   822 | D:2      | Reached XP level 4. HP: 42/44 MP: 3/3
  1514 | D:3      | Noticed Jessica
  1524 | D:3      | Killed Jessica
  1528 | D:3      | Reached XP level 5. HP: 48/50 MP: 4/4
  1597 | D:3      | Noticed Robin
  1607 | D:3      | HP: 2/50 [hobgoblin/club[Robin] (7)]
  1608 | D:3      | Slain by a goblin

Skill      XL: |  1  2  3 |
---------------+----------+-----
Dodging        | 3 |  3.4
Unarmed Combat | 4 |  4.9
Fighting       | |  2.4
Stealth        | |  1.0

Action                   |  1- 3 |  4- 6 || total
-------------------------+-------+-------++-------
Melee: Unarmed           |   131 |    60 ||   191
  Use: Scroll            |       |     1 ||     1
       Potion            |       |     1 ||     1
 Stab: Sleeping          |     8 |     2 ||    10
  Eat: Chunk             |    13 |     7 ||    20
Armor: Robe              |    58 |    22 ||    80
Dodge: Dodged            |    67 |    46 ||   113
